 Dungeon Crawl Stone Soup version 0.31-a0-174-g85c54bcb58 (webtiles) character file.

Game seed: 3077451365286840093

58 qw the Shooter (level 4, -1/39 HPs)
             Began as a Naga Hunter on June 15, 2023.
             Slain by a gnoll
             ... wielding a +0 whip
              (7 damage)
             ... on level 2 of the Dungeon.
             The game lasted 00:00:25 (732 turns).

qw the Shooter (Naga Hunter)                         Turns: 732, Time: 00:00:25

Health: -1/39      AC:  3    Str: 13    XL:     4   Next: 2%
Magic:  4/4        EV:  9    Int:  9    God:
Gold:   963        SH:  0    Dex: 17    Spells: 3/3 levels left

rFire   . . .        Y - +0 shortbow
rCold   . . .        (shield currently unavailable)
rNeg    . . .        c - +0 leather armour
rPois   +            e - +0 helmet
rElec   .            (no cloak)
rCorr   .            (no gloves)
SInv    +            (no barding)
Will    .....        (no amulet)
Stlth   ++           (no ring)
HPRegen 0.26/turn    (no ring)
MPRegen 0.09/turn

%: no passive effects
@: short of breath, very slow
A: AC +1, large, see invisible, deformed body, poison resistance, slowness 2,
spit poison 1, naga tail 1
a: Spit Poison


You were on level 2 of the Dungeon.
You visited 1 branch of the dungeon, and saw 3 of its levels.

You collected 963 gold pieces.


Innate Abilities, Weirdness & Mutations

Your serpentine skin is tough. (AC +1)
You have supernaturally acute eyesight. (SInv)
Armour fits poorly on your strangely shaped body.
Your system is resistant to poisons. (rPois)
You cover ground very slowly.
You can spit poison.
You have a snake-like lower body.


   Skills:
 + Level 2.0 Fighting
 - Level 5.0 Ranged Weapons
 - Level 1.5 Dodging
 - Level 1.5 Stealth


You had 3 spell levels left.
You didn't know any spells.
Your spell library was empty.

Inventory:

Hand Weapons
 Y - a +0 shortbow (weapon)
Armour
 c - a +0 leather armour (worn)
 e - a +0 helmet (worn)
Jewellery
 i - a ring of fire
Scrolls
 a - a scroll of identify
 b - a scroll of torment {unknown}
Potions
 d - a potion of lignification {unknown}
 j - a potion of degeneration {unknown}

Dungeon Overview and Level Annotations

Branches:
Dungeon (3/15)

Altars:


Message History

Aiming: Spit Poison (2% risk of failure)
Press: ? - help, Shift-Dir - straight line, f - gnoll The splash of poison hits the gnoll.
The gnoll is poisoned.
The gnoll is almost dead.
The gnoll barely misses you.
You shoot an arrow. The arrow hits the gnoll!
You kill the gnoll!
Your Ranged Weapons skill increases to level 5!
You have reached level 4!
You feel agile.
You shoot an arrow. The arrow hits the gnoll.
The gnoll is lightly wounded.
The gnoll hits you with a +0 whip.
You shoot an arrow. The arrow barely misses the gnoll.
The gnoll hits you but does no damage.
You shoot an arrow. The arrow closely misses the gnoll.
The gnoll closely misses you.
You shoot an arrow. The arrow hits the gnoll.
The gnoll is moderately wounded.
You have got your breath back.
The gnoll barely misses you.
728 ||| INVOKING Spit Poison.
Aiming: Spit Poison (1% risk of failure)
Press: ? - help, Shift-Dir - straight line, f/p - gnoll The splash of poison misses the gnoll.
The gnoll hits you with a +0 whip.
You shoot an arrow. The arrow barely misses the gnoll.
The gnoll closely misses you.
You shoot an arrow. The arrow barely misses the gnoll.
The gnoll barely misses you. The gnoll hits you with a +0 whip.
You shoot an arrow. The arrow hits the gnoll.
The gnoll is severely wounded.
You have got your breath back.
The gnoll closely misses you.
732 ||| INVOKING Spit Poison.
Aiming: Spit Poison (1% risk of failure)
Press: ? - help, Shift-Dir - straight line, f/p - gnoll The splash of poison hits the gnoll.
The gnoll is poisoned.
The gnoll is almost dead.
The gnoll hits you with a +0 whip!
You die...

####+#### #.......#
#.......# # ....... #. #
..... #. #.# # ...
.###...#.# # #g#
#......#.#####
#@###......#.#....
####...+......#.#.###
######.....##......#.#.#..
+....'.....++..........%..
######...).##......#.#.###
#.....++.....<..#....
#####.....##.....########
#.......................
#.######.###############


You could see a gnoll (poisoned).

Vanquished Creatures
  2 gnolls (D:2)
  2 dart slugs
  2 endoplasms (D:1)
  2 goblins (D:1)
  A hobgoblin (D:1)
  8 jackals
  A quokka (D:1)
  5 ball pythons
  4 frilled lizards
  7 kobolds
  A rat (D:2)
35 creatures vanquished.

Notes
Turn   | Place    | Note
-------+----------+-------------------------------------------
     0 | D:1      | qw the Naga Hunter began the quest for the Orb.
     0 | D:1      | Reached XP level 1. HP: 19/19 MP: 1/1
     0 | D:1      | 0 ||| qw: Version: 0.2-a-29-g511e9b1
     0 | D:1      | 0 ||| qw: Game counter: 5588
     0 | D:1      | 0 ||| qw: Always use a shield: true
     0 | D:1      | 0 ||| qw: God list: Okawaru
     0 | D:1      | 0 ||| qw: Allow faded altars: false
     0 | D:1      | 0 ||| qw: Do Orc after D:15 true
     0 | D:1      | 0 ||| qw: Do second Lair branch before Depths: true
     0 | D:1      | 0 ||| qw: Lair rune preference: random
     0 | D:1      | 0 ||| qw: Plans: Normal
     0 | D:1      | 0 ||| PLANNING D:1-11
    46 | D:1      | 46 ||| INVOKING Spit Poison.
    61 | D:1      | 61 ||| INVOKING Spit Poison.
    62 | D:1      | 62 ||| INVOKING Spit Poison.
    98 | D:1      | 98 ||| INVOKING Spit Poison.
   104 | D:1      | 104 ||| INVOKING Spit Poison.
   108 | D:1      | 108 ||| INVOKING Spit Poison.
   192 | D:1      | 192 ||| INVOKING Spit Poison.
   194 | D:1      | Reached skill level 4 in Ranged Weapons
   194 | D:1      | Reached XP level 2. HP: 26/26 MP: 2/2
   206 | D:1      | 206 ||| INVOKING Spit Poison.
   209 | D:1      | 209 ||| INVOKING Spit Poison.
   215 | D:1      | 215 ||| INVOKING Spit Poison.
   309 | D:1      | 309 ||| INVOKING Spit Poison.
   314 | D:1      | 314 ||| INVOKING Spit Poison.
   318 | D:1      | 318 ||| INVOKING Spit Poison.
   339 | D:1      | Reached XP level 3. HP: 32/32 MP: 3/3
   428 | D:1      | 428 ||| INVOKING Spit Poison.
   516 | D:1      | 516 ||| UPGRADING to +0 helmet.
   521 | D:1      | 521 ||| READING 2 scrolls labelled XYOGRAIPLEJ.
   522 | D:1      | 522 ||| READING scroll labelled FUXAEM WUFE.
   522 | D:1      | Identified a scroll of acquirement
   522 | D:1      | 522 ||| ACQUIRING 921 gold pieces
   522 | D:1      | Acquired 921 gold pieces
   524 | D:1      | 524 ||| READING scroll labelled OGEAPS LIKKEYBRIG.
   529 | D:1      | 529 ||| DROPPING scroll of butterflies.
   554 | D:2      | You fall into a shaft and drop 1 floor!
   584 | D:3      | 584 ||| FLEEEEING.
   585 | D:3      | 585 ||| FLEEEEING.
   586 | D:3      | 586 ||| STAIRDANCE
   588 | D:2      | 588 ||| INVOKING Spit Poison.
   627 | D:2      | 627 ||| INVOKING Spit Poison.
   633 | D:2      | 633 ||| INVOKING Spit Poison.
   660 | D:2      | 660 ||| INVOKING Spit Poison.
   663 | D:2      | 663 ||| INVOKING Spit Poison.
   668 | D:2      | 668 ||| INVOKING Spit Poison.
   673 | D:2      | 673 ||| INVOKING Spit Poison.
   676 | D:2      | 676 ||| INVOKING Spit Poison.
   681 | D:2      | 681 ||| INVOKING Spit Poison.
   711 | D:2      | 711 ||| INVOKING Spit Poison.
   716 | D:2      | 716 ||| INVOKING Spit Poison.
   719 | D:2      | HP: 8/32 [gnoll/+0 whip (2)]
   722 | D:2      | 722 ||| INVOKING Spit Poison.
   724 | D:2      | Reached skill level 5 in Ranged Weapons
   724 | D:2      | Reached XP level 4. HP: 12/39 MP: 4/4
   728 | D:2      | 728 ||| INVOKING Spit Poison.
   730 | D:2      | HP: 6/39 [gnoll/+0 whip (5)]
   732 | D:2      | 732 ||| INVOKING Spit Poison.
   732 | D:2      | Slain by a gnoll

Levels and vault maps discovered:
D:1:      nzn_arrival_crosshair, layout_basic
D:2:      layout_basic
D:3:      layout_loops_ring, chequers_temple_overflow_statue_of_worship,
          kennysheep_generic_room_9

Skill      XL: |  1  2  3 |
---------------+----------+-----
Ranged Weapons | 4 5 |  5.0
Fighting       | |  2.0
Dodging        | |  1.5
Stealth        | |  1.5

Action                     |  1- 3 |  4- 6 || total
---------------------------+-------+-------++-------
   Fire: Shortbow          |    67 |     7 ||    74
Ability: Spit Poison       |    25 |     2 ||    27
    Use: Scroll            |     3 |       ||     3
 Armour: Leather armour    |     7 |     1 ||     8
  Dodge: Dodged            |    24 |     5 ||    29

Table legend:
 A = Non-vault XP
 B = Vault XP
 C = Vault XP percentage of total XP
 D = Non-vault monster count
 E = Vault monster count
 F = Vault count percentage of total count
                 A         B        C        D         E       F
            +---------+---------+-------+---------+---------+-------
      Total |      84 |       0 |   0.0 |      35 |       0 |   0.0
            +---------+---------+-------+---------+---------+-------
        D:1 |      37 |       0 |   0.0 |      22 |       0 |   0.0
        D:2 |      46 |       0 |   0.0 |      12 |       0 |   0.0
        D:3 |       1 |       0 |   0.0 |       1 |       0 |   0.0
            +---------+---------+-------+---------+---------+-------
